cohdb
Replays
Latest Replays
All Replays
Popular Replays
Top Player Replays
Match Explorer
How It Works
Community
CoH3 Stats
Reddit
Sign in to upload your games and track your stats! →
Sign in with Steam
Match 47007881
Unlisted
Match 47007881
Overview
Messages
Build Orders
End
Panzerpioneer Squad
250 Light Carrier
Panzerpioneer Squad
Construct Light Support Kompanie
Panzerjäger Squad
2.5-tonne Medical Truck
Panzerjäger Squad
Selects Panzerjäger Kommand Battlegroup
Selects Tank Busters
Combat Half-tracks
Fire Support Elements
Panzerpioneer Squad
le.IG 18 Mechanized Group
Construct Mechanized Kompanie
MG34 Team
Panzerpioneer Squad
Selects Blockade Equipment
Selects Defensive Positions
StuG III D Assault Gun
Panzerjäger Mechanized Group
Selects Crew Shock Tactics
Marder III Tank Destroyer
Veteran Squad Leaders
Marder III Tank Destroyer
Marder III Tank Destroyer
Selects Anti-tank Overwatch
OLDCOM
A_Smoove
MJA911
pyromaniac
gore
day
0
0
Comments
sign in to comment!
No comments posted yet!